 Dungeon Crawl Stone Soup version 0.20.1-1-g8b1a95d (webtiles) character file.

114 Peloso the Shield-Bearer (level 4, -1/35 HPs)
             Began as a Demonspawn Fighter on Aug 2, 2017.
             Killed from afar by Ijyb (18 damage)
             ... with a wand of lightning (?/15)
             ... on level 3 of the Dungeon.
             The game lasted 00:05:07 (1947 turns).

Peloso the Shield-Bearer (Demonspawn Fighter)       Turns: 1947, Time: 00:05:08

Health: -1/35      AC: 13    Str: 17    XL:     4   Next: 66%
Magic:  13/13      EV:  2    Int: 10    God:
Gold:   98         SH:  9    Dex: 12    Spells: 3/3 levels left

rFire    + . .     SeeInvis .   a - +0 long sword
rCold    . . .     Gourm    .   c - +0 shield
rNeg     . . .     Faith    .   k - +0 plate armour {rF+}
rPois    .         Spirit   .   (no helmet)
rElec    .         Reflect  .   (no cloak)
rCorr    .         Harm     .   (no gloves)
MR       .....                  (no boots)
Stlth    ..........             (no amulet)
Regen    0.2/turn               e - ring of magical power
MPRegen  0.2/turn               (no ring)

@: no status effects
A: molten scales 1
a: no special abilities


You were on level 3 of the Dungeon.
You were not hungry.

You visited 1 branch of the dungeon, and saw 3 of its levels.

You collected 98 gold pieces.

Inventory:

Hand Weapons
 a - a +0 long sword (weapon)
Armour
 b - a +0 scale mail
 c - a +0 shield (worn)
 k - a +0 plate armour of fire resistance (worn)
Jewellery
 e - a ring of magical power (left hand)
Wands
 u - a wand of confusion (26/48)
Scrolls
 g - a scroll of enchant armour {unknown}
 i - a scroll of fog {unknown}
 n - 2 scrolls of teleportation {unknown}
 o - 2 scrolls of immolation {unknown}
 q - a scroll of identify {unknown}
 s - a scroll of magic mapping {unknown}
 v - a scroll of enchant weapon {unknown}
Potions
 d - a potion of might
 j - a potion of flight {unknown}
 l - 3 potions of heal wounds {unknown}
 r - a potion of magic {unknown}
 t - a potion of agility {unknown}
Books
 p - a book of Misfortune

   Spells                             Type                      Level
   a - Confusing Touch                Hexes                        1
   b - Confuse                        Hexes                        3
   c - Gell's Gravitas                Translocation                3
   d - Petrify                        Transmutation/Earth          4
   e - Metabolic Englaciation         Hexes/Ice                    5
   f - Yara's Violent Unravelling     Hexes/Transmutation          5
Comestibles
 f - 4 bread rations
 h - a royal jelly
 m - 8 chunks of flesh


   Skills:
 + Level 3.4 Fighting
 + Level 2.9 Long Blades
 + Level 3.2 Armour
 + Level 0.1 Dodging
 + Level 3.5 Shields


You had 3 spell levels left.
You didn't know any spells.

Dungeon Overview and Level Annotations

Branches:
Dungeon (3/15)

Altars:

Annotations:
D:3 Ijyb


Innate Abilities, Weirdness & Mutations

You are partially covered in molten scales. (AC +2)


Message History

The dart slug is almost dead.
The dart slug bites you but does no damage.
You slash the dart slug!
You kill the dart slug!
You block the bat's attack. The bat hits you but does no damage.
You see here a dart slug corpse.
You hit the bat.
You kill the bat!
A frilled lizard and Ijyb come into view.
Ijyb shouts!
The frilled lizard hisses angrily.
Ijyb zaps a wand.
The bolt of lightning hits you!
It is a wand of lightning (?/15).
You see here a bat corpse.
Ijyb screams, "I dance on your bones!"
You see here a bat corpse.
You see here a dart slug corpse.
Ijyb zaps a wand.
The bolt of lightning hits you!
Ouch! That really hurt!
You die...

..............#..#
#...........
.########........#
##..).......
..#######........#
#......#...
<(.)<......#.#>..#
#.###.#####
####.#######.##### ##.#
#.# #(# #.#########..#...#
#)#######....#...##.##.###
##
#(...#............#.#..#
.###............@........#
.......#.##.......l.....##
..####...##.............#
### #..###.........#..#
..# ##...#....g.## ..#
######.###.# .# #######.#
#.# ......#.###.#
............#


You could see Ijyb and a frilled lizard.

Vanquished Creatures
  An iguana (D:3)
  2 adders
  An ooze (D:2)
  3 worms
  2 dart slugs
  2 leopard geckos (D:2)
  6 bats
  5 giant cockroaches
  7 goblins
  6 hobgoblins
  2 jackals (D:2)
  5 kobolds
  2 quokkas
  A frilled lizard (D:1)
  5 rats
50 creatures vanquished.

Notes
Turn   | Place    | Note
-------+----------+-------------------------------------------
     0 | D:1      | Peloso the Demonspawn Fighter began the quest for the Orb.
     0 | D:1      | Reached XP level 1. HP: 18/18 MP: 1/1
   321 | D:1      | Gained mutation: You are partially covered in molten scales. (AC +2) [demonic ancestry]
   321 | D:1      | Reached XP level 2. HP: 19/24 MP: 2/2
   917 | D:2      | Reached XP level 3. HP: 29/29 MP: 3/3
  1326 | D:3      | Reached XP level 4. HP: 16/35 MP: 4/4
  1337 | D:3      | HP: 1/35 [iguana (4)]
  1930 | D:3      | Noticed Ijyb
  1947 | D:3      | Killed from afar by Ijyb

Skill      XL: |  1  2  3 |
---------------+----------+-----
Long Blades    | 2 |  2.9
Shields        | 3 |  3.5
Armour         | 3 |  3.2
Fighting       | |  3.4
Dodging        | |  0.1

Action                   |  1- 3 |  4- 6 || total
-------------------------+-------+-------++-------
Melee: Long sword        |   133 |    67 ||   200
  Eat: Chunk             |     1 |     1 ||     2
       Royal jelly       |       |     1 ||     1
Armor: Plate armour      |    96 |    44 ||   140
       Scale mail        |     1 |       ||     1
Dodge: Dodged            |    10 |     8 ||    18
Block: Shield            |    82 |    41 ||   123
       Rpst.: Long sword |     2 |     2 ||     4
